 Dungeon Crawl Stone Soup version 0.30.1 (webtiles) character file.

Game seed: 11145202857497600730

58 daftladle the Skirmisher (level 4, -3/38 HPs)
             Began as a Gnoll Hunter on July 5, 2023.
             Was an Initiate of Kikubaaqudgha.
             Slain by Sigmund
             ... wielding a +0 scythe
              (11 damage)
             ... on level 2 of the Dungeon.
             The game lasted 00:09:30 (1918 turns).

daftladle the Skirmisher (Gnoll Hunter)             Turns: 1918, Time: 00:09:32

Health: -3/38      AC:  3    Str: 10    XL:     4   Next: 1%
Magic:  3/5        EV: 14    Int:  8    God:    Kikubaaqudgha [......]
Gold:   78         SH:  0    Dex: 18    Spells: 5/5 levels left

rFire   x . .        a - +0 shortbow
rCold   + . .        (shield currently unavailable)
rNeg    . . .        i - +0 leather armour
rPois   .            (no helmet)
rElec   .            (no cloak)
rCorr   .            (no gloves)
SInv    .            (no boots)
Will    .....        (no amulet)
Stlth   ++           e - ring of ice
HPRegen 0.26/turn    (no ring)
MPRegen 0.09/turn

%: no passive effects
@: no status effects
A: fangs 1, strong nose, distributed training
a: Renounce Religion


You were on level 2 of the Dungeon.
You worshipped Kikubaaqudgha.
Kikubaaqudgha was noncommittal.
You visited 1 branch of the dungeon, and saw 2 of its levels.

You collected 78 gold pieces.

Inventory:

Hand Weapons
 a - a +0 shortbow (weapon)
 q - a +2 whip of venom
 r - the +3 flail "Rats" {freeze, rN+}
   (You found it on level 2 of the Dungeon)

   rN:        It protects you from negative energy.
Missiles
 j - 5 boomerangs
Armour
 i - a +0 leather armour (worn)
Jewellery
 e - a ring of ice (left hand)
 m - an amulet of guardian spirit
Scrolls
 b - a scroll of immolation
 g - 2 scrolls of blinking {unknown}
 h - a scroll of acquirement {unknown}
 k - 3 scrolls of teleportation
 l - a scroll of fog {unknown}
 o - a scroll of amnesia {unknown}
 p - a scroll of vulnerability {unknown}
 s - a scroll of identify {unknown}
Potions
 c - a potion of lignification {unknown}
 d - a potion of curing {unknown}
 f - a potion of mutation {unknown}
 n - a potion of flight {unknown}


   Skills:
 + Level 4.6 Fighting
 + Level 1.0 Short Blades
 + Level 1.0 Long Blades
 + Level 1.0 Axes
 + Level 1.0 Maces & Flails
 + Level 1.0 Polearms
 + Level 1.0 Staves
 + Level 8.5 Ranged Weapons
 + Level 1.0 Throwing
 + Level 1.0 Armour
 + Level 4.6 Dodging
 + Level 2.5 Stealth
 + Level 1.0 Shields
 + Level 1.0 Unarmed Combat
 + Level 1.0 Spellcasting
 + Level 0.8 Conjurations
 + Level 0.8 Hexes
 + Level 0.8 Summonings
 + Level 0.8 Necromancy
 + Level 0.8 Translocations
 + Level 0.8 Transmutations
 + Level 0.8 Fire Magic
 + Level 0.8 Ice Magic
 + Level 0.8 Air Magic
 + Level 0.8 Earth Magic
 + Level 0.8 Poison Magic
 + Level 1.1 Invocations
 + Level 1.0 Evocations


You had 5 spell levels left.
You didn't know any spells.
Your spell library contained the following spells:

 Spells                   Type           Power      Damage    Failure   Level
 Necrotise                Necr           4%         1d4       36%         1
 Cigotuvi's Dreadful Rot  Necr/Pois/Air  2%         N/A       50%         2
 Sublimation of Blood     Necr           1%         N/A       50%         2
 Animate Dead             Necr           1%         N/A       98%         4


Dungeon Overview and Level Annotations

Branches:
Dungeon (2/15)

Altars:
Kikubaaqudgha

Annotations:
D:2 Sigmund


Innate Abilities, Weirdness & Mutations

You have very sharp teeth.
Your uncanny sense of smell can sniff out nearby items.
Your experience applies equally to all skills.


Message History

Something hits you!
You see here 8 gold pieces.
Non-targeted confused fire: a) +0 shortbow
Press: ? - help, Q - select action, (/) - cycle Dir - look around, f - activate You shoot an arrow.
The kobold throws a stone.
The stone barely misses you.
Non-targeted confused fire: a) +0 shortbow
Press: ? - help, Q - select action, (/) - cycle Dir - look around, f - activate You shoot an arrow.
You feel less confused. Something hits you!
Fire: a) +0 shortbow
Press: ? - help, Q - select action, (/) - cycle Shift-Dir - straight line, f - kobold
Aim: a kobold, wielding a +0 whip and quivering stones (61% to hit)
You shoot an arrow. The arrow barely misses the kobold.
The kobold throws a stone.
The stone misses you. Something hits you.
You hear some strange, mumbled words.
Something tries to affect you, but you resist.
Fire: a) +0 shortbow
Press: ? - help, Q - select action, (/) - cycle Shift-Dir - straight line, f/p - kobold
Aim: a kobold, wielding a +0 whip and quivering stones (61% to hit)
You shoot an arrow. The arrow hits the kobold.
You kill the kobold!
Kikubaaqudgha accepts your kill.
A magic dart appears from out of thin air!
The magic dart hits you.
* * * LOW HITPOINT WARNING * * *
Fire: a) +0 shortbow
Press: ? - help, Q - select action, (/) - cycle Shift-Dir - straight line, f - you Really target yourself? [Y]es or [N]o only, please.
Really target yourself?
Okay, then.
There is a strange disturbance nearby!
Fire: a) +0 shortbow
Press: ? - help, Q - select action, (/) - cycle Shift-Dir - straight line You shoot an arrow.
Something hits you!
You die...
Kikubaaqudgha rasps: "You have failed me!
Welcome... death!"

##..## #. ....#
#########..)# #
........$...#####.. #
#########.........# #
..........######
########{.# #..# ##@.#
#...### #.....# #.
#.#.#.# ... #.###.#
#.# #.# ###
#.############.##....=
#.##.................#
#.##.#########.###...#


There were no monsters in sight!

Vanquished Creatures
  An adder (D:2)
  A gnoll (D:2)
  5 endoplasms (D:1)
  3 giant cockroaches (D:1)
  A goblin (D:1)
  3 hobgoblins
  4 jackals (D:2)
  2 ball pythons
  4 bats (D:1)
  3 frilled lizards (D:1)
  6 kobolds
  3 rats (D:1)
36 creatures vanquished.

Vanquished Creatures (others)
  An endoplasm (D:2)
1 creature vanquished.

Grand Total: 37 creatures vanquished

Notes
Turn   | Place    | Note
-------+----------+-------------------------------------------
     0 | D:1      | daftladle the Gnoll Hunter began the quest for the Orb.
     0 | D:1      | Reached XP level 1. HP: 20/20 MP: 1/1
    99 | D:1      | Reached XP level 2. HP: 26/26 MP: 2/2
   652 | D:1      | Reached XP level 3. HP: 31/31 MP: 3/3
  1101 | D:2      | Reached skill level 1 in Invocations
  1445 | D:2      | Found a faded altar of an unknown god.
  1450 | D:2      | Prayed at the altar of an unknown god.
  1450 | D:2      | Became a worshipper of Kikubaaqudgha
  1450 | D:2      | Reached * piety under Kikubaaqudgha
  1450 | D:2      | Received a gift from Kikubaaqudgha
  1494 | D:2      | Reached skill level 1 in Short Blades
  1494 | D:2      | Reached skill level 1 in Long Blades
  1494 | D:2      | Reached skill level 1 in Axes
  1494 | D:2      | Reached skill level 1 in Maces & Flails
  1494 | D:2      | Reached skill level 1 in Polearms
  1494 | D:2      | Reached skill level 1 in Staves
  1494 | D:2      | Reached skill level 1 in Throwing
  1494 | D:2      | Reached skill level 1 in Armour
  1494 | D:2      | Reached skill level 1 in Shields
  1494 | D:2      | Reached skill level 1 in Unarmed Combat
  1494 | D:2      | Reached skill level 1 in Spellcasting
  1494 | D:2      | Reached skill level 1 in Evocations
  1525 | D:2      | Reached XP level 4. HP: 29/38 MP: 5/5
  1890 | D:2      | Identified the +3 flail "Rats" {freeze, rN+}
  1896 | D:2      | Noticed Sigmund
  1918 | D:2      | Slain by Sigmund

Illustrated notes

Levels and vault maps discovered:
D:1:      lemuel_arrival_behind_the_door_small, layout_loops_ring,
          minmay_indecisive_spiral
D:2:      layout_loops_ring, shapermc_ecumenical_altar_venn,
          minmay_fractal_squares_gapless_5, uniq_sigmund

Skill      XL: |  1  2  3 |
---------------+----------+-----
Invocations    | 1 |  1.1
Short Blades   | 1 |  1.0
Long Blades    | 1 |  1.0
Axes           | 1 |  1.0
Maces & Flails | 1 |  1.0
Polearms       | 1 |  1.0
Staves         | 1 |  1.0
Throwing       | 1 |  1.0
Armour         | 1 |  1.0
Shields        | 1 |  1.0
Unarmed Combat | 1 |  1.0
Spellcasting   | 1 |  1.0
Evocations     | 1 |  1.0
Fighting       | |  4.6
Ranged Weapons | |  8.5
Dodging        | |  4.6
Stealth        | |  2.5
Conjurations   | |  0.8
Hexes          | |  0.8
Summonings     | |  0.8
Necromancy     | |  0.8
Translocations | |  0.8
Transmutations | |  0.8
Fire Magic     | |  0.8
Ice Magic      | |  0.8
Air Magic      | |  0.8
Earth Magic    | |  0.8
Poison Magic   | |  0.8

Action                     |  1- 3 |  4- 6 || total
---------------------------+-------+-------++-------
   Fire: Shortbow          |    95 |    10 ||   105
 Invoke: Unearth Wretches  |       |     1 ||     1
    Use: Scroll            |     2 |       ||     2
 Armour: Leather armour    |    12 |     2 ||    14
  Dodge: Dodged            |    45 |     4 ||    49
